 Dungeon Crawl Stone Soup version 0.30-a0-738-g116ff8c4af (webtiles) character file.

Game seed: 5914906908261937530

1534 retardedninja the Cleaver (level 8, -2/71 HPs)
             Began as a Hill Orc Fighter on Feb 3, 2023.
             Slain by Crazy Yiuf
             ... wielding a +4 quarterstaff of chaos
              (9 damage)
             ... while paralysed by Crazy Yiuf
             ... on level 6 of the Dungeon.
             The game lasted 00:07:31 (7917 turns).

retardedninja the Cleaver (Hill Orc Fighter)        Turns: 7917, Time: 00:07:31

Health: -2/71      AC: 15    Str: 21    XL:     8   Next: 86%
Magic:  4/8        EV:  2    Int:  8    God:
Gold:   285        SH:  0    Dex: 10    Spells: 7/7 levels left

rFire   . . .      SeeInvis .    g - +1 broad axe
rCold   . . .      Faith    .    c - +0 buckler
rNeg    . . .      Spirit   .    t - +0 plate armour
rPois   .          Reflect  .    b - +0 helmet
rElec   .          Harm     .    f - +0 cloak
rCorr   .          Rampage  .    (no gloves)
Will    .....                    (no boots) Stlth
                                 (no amulet)
HPRegen 0.31/turn                (no ring)
MPRegen 0.11/turn                (no ring)

@: paralysed
A: no striking features
a: no special abilities


You were on level 6 of the Dungeon.
You visited 1 branch of the dungeon, and saw 6 of its levels.

You collected 285 gold pieces.

Inventory:

Hand Weapons
 g - a +1 broad axe (weapon)
Missiles
 d - a throwing net (quivered)
Armour
 b - a +0 helmet (worn)
 c - a +0 buckler (worn)
 f - a +0 cloak (worn)
 t - a +0 plate armour (worn)
Jewellery
 u - a ring of ice
Scrolls
 e - a scroll of torment
 h - a scroll of fear {unknown}
 j - 2 scrolls of identify
 l - 2 scrolls of fog
 n - a scroll of silence
 o - a scroll of vulnerability
 r - 2 scrolls of teleportation
 s - 2 scrolls of magic mapping {unknown}
Potions
 a - a potion of curing {unknown}
 i - a potion of lignification {unknown}
 k - 2 potions of heal wounds
 m - a potion of brilliance {unknown}
 p - a potion of cancellation {unknown}
 q - a potion of flight {unknown}


   Skills:
 + Level 6.8 Fighting
 * Level 9.3 Axes
 + Level 6.2 Armour
 + Level 6.2 Shields


You had 7 spell levels left.
You didn't know any spells.
Your spell library contained the following spells:

 Spells                   Type           Power      Damage    Failure   Level
 Apportation              Tloc           0%         N/A       100%        1
 Slow                     Hex            0%         N/A       100%        1
 Confusing Touch          Hex            0%         N/A       100%        3
 Vampiric Draining        Necr           0%         2d6       100%        3
 Alistair's Intoxication  Tmut/Pois      0%         N/A       100%        5


Dungeon Overview and Level Annotations

Branches:
Dungeon (6/15)
 Temple: D:4-7

Altars:
Kikubaaqudgha

Shops:
D:1 :   D:4 (

Annotations:
D:6 Crazy Yiuf


Message History

You start resting.
HP restored.
You start waiting.
Done waiting.
There is an open door here.
You see here a +0 club.
Key pressed, stopping explore.
Key pressed, stopping explore.
Key pressed, stopping explore.
Key pressed, stopping explore.
Key pressed, stopping explore.
Crazy Yiuf shouts!
You open the door. You hit Crazy Yiuf.
Crazy Yiuf is moderately wounded.
Crazy Yiuf hits you with a +4 quarterstaff of chaos!
Crazy Yiuf burns you.
You closely miss Crazy Yiuf.
Crazy Yiuf is moderately wounded.
Crazy Yiuf yells, "Flower foot down!"
Crazy Yiuf hits you with a +4 quarterstaff of chaos.
Crazy Yiuf draws strength from your wounds!
You slash Crazy Yiuf!
Crazy Yiuf is almost dead.
Crazy Yiuf hits you with a +4 quarterstaff of chaos!
You closely miss Crazy Yiuf.
Crazy Yiuf is almost dead.
Crazy Yiuf hits you with a +4 quarterstaff of chaos!
You feel your power leaking away.
You hit Crazy Yiuf but do no damage.
Crazy Yiuf is severely wounded.
Crazy Yiuf hits you with a +4 quarterstaff of chaos!
* * * LOW HITPOINT WARNING * * *
Crazy Yiuf draws strength from your wounds!
Crazy Yiuf hits you with a +4 quarterstaff of chaos!
* * * LOW HITPOINT WARNING * * *
You suddenly lose the ability to move!
Crazy Yiuf laughs, "Ice water forty-two!"
Crazy Yiuf hits you with a +4 quarterstaff of chaos!
You die...

################...........
#...................#######
#.##############.#..####### #.#
###..##..... #######.# #.........
........# #..##.#### ##.####.####
### #..##.### ...# ##.#..##
###..)# #.......## ##.#
#......####@g...# #.........
##.###.......#..##...# #.....#.##
........#...#.### ### #.........
##'####.####### #.......##
...))...# #.##....# ...)#####
#############.##....## ....#
#.##...##.#...........
....########.##...##.#...##..#...
....##........'...'..............


You could see Crazy Yiuf.

Vanquished Creatures
  Eustachio (D:6)
  An orc warrior (D:6)
  An ice beast (D:6)
  3 black bears
  An ogre (D:5)
  2 phantoms
  A kobold brigand (D:6)
  A scorpion (D:6)
  A howler monkey (D:5)
  A jelly (D:5)
  A gnoll bouda (D:6)
  An orc priest (D:6)
  Jessica (D:2)
  Natasha (D:3)
  Terence (D:2)
  An orc wizard (D:3)
  2 iguanas (D:5)
  Robin (D:3)
  10 gnolls
  7 adders
  3 white imps
  A worm (D:4)
  5 dart slugs
  10 orcs
  3 bats
  8 endoplasms
  5 giant cockroaches
  19 goblins
  10 hobgoblins
  6 jackals
  7 kobolds
  5 quokkas
  3 ball pythons
  3 frilled lizards
  7 rats
134 creatures vanquished.

Notes
Turn   | Place    | Note
-------+----------+-------------------------------------------
     0 | D:1      | retardedninja the Hill Orc Fighter began the quest for the
                  | Orb.
     0 | D:1      | Reached XP level 1. HP: 19/19 MP: 1/1
   125 | D:1      | Reached skill level 3 in Axes
   125 | D:1      | Reached XP level 2. HP: 27/27 MP: 2/2
   159 | D:1      | Found Ulugu Nath's Vocational Training.
   317 | D:1      | Reached XP level 3. HP: 33/33 MP: 3/3
   896 | D:2      | Noticed Terence
   904 | D:2      | Killed Terence
   905 | D:2      | Reached skill level 4 in Axes
   905 | D:2      | Reached XP level 4. HP: 27/40 MP: 4/4
  1167 | D:2      | Reached XP level 5. HP: 47/47 MP: 5/5
  1232 | D:2      | Noticed Jessica
  1246 | D:2      | Killed Jessica
  1753 | D:3      | Reached skill level 5 in Axes
  2740 | D:3      | Reached XP level 6. HP: 51/53 MP: 6/6
  2899 | D:3      | Noticed Robin
  2912 | D:3      | Killed Robin
  3546 | D:3      | Noticed Natasha
  3555 | D:3      | Killed Natasha
  3840 | D:4      | Noticed a black bear
  3846 | D:4      | Killed a black bear
  3847 | D:4      | Reached skill level 5 in Fighting
  3847 | D:4      | Reached skill level 6 in Axes
  4245 | D:4      | Found an ancient bone altar of Kikubaaqudgha.
  4268 | D:4      | Reached XP level 7. HP: 37/61 MP: 7/7
  4517 | D:4      | Found Podonky's Antique Weapon Boutique.
  4702 | D:5      | Entered Level 5 of the Dungeon
  4730 | D:5      | Reached skill level 5 in Shields
  5095 | D:5      | Reached skill level 7 in Axes
  5095 | D:5      | Reached skill level 5 in Armour
  6225 | D:6      | Reached XP level 8. HP: 56/70 MP: 8/8
  6291 | D:6      | Reached skill level 8 in Axes
  7140 | D:6      | Found a runed translucent door.
  7141 | D:6      | Noticed Crazy Yiuf
  7226 | D:6      | Noticed Eustachio
  7235 | D:6      | Killed Eustachio
  7236 | D:6      | Reached skill level 9 in Axes
  7916 | D:6      | Paralysed by Crazy Yiuf for 5 turns
  7917 | D:6      | Slain by Crazy Yiuf

Illustrated notes

Levels and vault maps discovered:
D:1:      ncdulo_wetmaze, layout_loops_ring, nicolae_shop_vocational
D:2:      layout_basic, uniq_terence, uniq_jessica
D:3:      kennysheep_goblin_castle, layout_basic,
          corexii_item_surrounded_by_moat, feat_on_display, uniq_natasha
D:4:      layout_loops_ring, mainiacjoe_overflow_chevrons, serial_shops, shop
D:5:      layout_basic
D:6:      layout_basic, uniq_eustachio, uniq_crazy_yiuf_cottage

Skill      XL: |  1  2  3  4  5  6  7  8 |
---------------+-------------------------+-----
Axes           | 3 4 5 6 7 9 |  9.3
Fighting       | 4 5 6 |  6.8
Shields        | 4 5 6 |  6.2
Armour         | 4 5 6 |  6.2

Action                     |  1- 3 |  4- 6 |  7- 9 || total
---------------------------+-------+-------+-------++-------
  Melee: War axe           |    78 |   126 |       ||   204
         Broad axe         |       |    48 |   133 ||   181
    Use: Potion            |       |     4 |       ||     4
         Scroll            |       |     8 |       ||     8
 Armour: Scale mail        |    34 |    96 |    41 ||   171
         Plate armour      |       |       |    20 ||    20
  Dodge: Dodged            |    30 |    78 |    51 ||   159
  Block: Buckler           |    14 |    41 |    29 ||    84

Table legend: (Time is in decaauts)
 A = Elapsed time spent in this place.
 B = Non-inter-level travel time spent in this place.
 C = Inter-level travel time spent in this place.
 D = Time resting spent in this place.
 E = Time spent auto-exploring this place.
 F = Levels seen in this place.
 G = Mean time per level.
                   A        B        C        D        E       F      G
               +--------+--------+--------+--------+--------+-----+--------+
         Total |   8050 |   7678 |    372 |   2221 |   4477 |   6 | 1341.7 |
       Dungeon |   8050 |   7678 |    372 |   2221 |   4477 |   6 | 1341.7 |
               +--------+--------+--------+--------+--------+-----+--------+

Top non-repeatable levels by time:
     D:3: 2376 daAuts
     D:5: 1562 daAuts
     D:6: 1555 daAuts
     D:4: 971 daAuts
     D:1: 836 daAuts
     D:2: 747 daAuts
